 Dungeon Crawl Stone Soup version 0.27-a0-1529-g1e82c303ef (webtiles) character file.

Game seed: 7837425035080065623

142 gimp the Chopper (level 5, 0/41 (42) HPs)
             Began as a Formicid Monk on July 12, 2021.
             Succumbed to a kobold brigand's poison
             ... on level 4 of the Dungeon.
             The game lasted 00:08:21 (4051 turns).

gimp the Chopper (Formicid Monk)                    Turns: 4051, Time: 00:08:21

HP:   0/41 (42)     AC:  9    Str: 16    XL:     5   Next: 50%
MP:   5/5           EV:  7    Int: 10    God:
Gold: 170           SH:  0    Dex: 13    Spells: 4/4 levels left

rFire    . . .     SeeInvis +   a - +0 hand axe
rCold    . . .     Faith    .   (no shield)
rNeg     . . .     Spirit   .   g - +1 chain mail
rPois    .         Reflect  .   (helmet unavailable)
rElec    .         Harm     .   (no cloak)
rCorr    .         Rampage  .   (no gloves)
Will     .....                  (no boots)
Stlth    ..........             (no amulet)
HPRegen  0.13/turn              (no ring)
MPRegen  0.09/turn              (no ring)

@: lethally poisoned (0 -> -3), lightly drained
A: permanent stasis, dig shafts and tunnels, antennae 3, four strong arms
a: Dig, Shaft Self


You were on level 4 of the Dungeon.
You visited 1 branch of the dungeon, and saw 5 of its levels.
You also visited: Sewer.

You collected 170 gold pieces.

Inventory:

Hand Weapons
 a - a +0 hand axe (weapon)
Armour
 g - a +1 chain mail (worn)
Scrolls
 c - a scroll of fog
Potions
 d - a potion of flight
 e - 2 potions of brilliance


   Skills:
 + Level 4.2 Fighting
 * Level 4.6 Axes
 + Level 2.3 Armour
 - Level 2.6 Dodging
 - Level 2.4 Stealth


You had 4 spell levels left.
You didn't know any spells.
Your spell library contained the following spells:

 Spells                   Type           Power      Damage    Failure   Level
 Animate Skeleton         Necr           0%         N/A       100%        1
 Apportation              Tloc           0%         N/A       100%        1
 Corona                   Hex            0%         N/A       100%        1
 Sandblast                Erth           0%         2d4       100%        1
 Summon Small Mammal      Summ           0%         N/A       100%        1
 Passwall                 Tmut/Erth      0%         N/A       100%        2
 Slow                     Hex            0%         N/A       100%        2
 Call Canine Familiar     Summ           0%         N/A       100%        3
 Confusing Touch          Hex            0%         N/A       100%        3
 Portal Projectile        Hex/Tloc       0%         N/A       100%        3
 Leda's Liquefaction      Hex/Erth       0%         N/A       100%        4
 Freezing Cloud           Conj/Ice/Air   0%         6-21      100%        5
 Lee's Rapid Deconstruct  Erth           0%         3d5*      100%        5
 Yara's Violent Unravell  Hex/Tmut       0%         3d3       100%        5
 Simulacrum               Ice/Necr       0%         N/A       100%        6
 Polar Vortex             Ice            0%         N/A       100%        9


Dungeon Overview and Level Annotations

Branches:
Dungeon (5/15)              Sewer (visited)
 Temple: D:4-7

Altars:
Makhleb
Vehumet

Annotations:
D:2 Purgy


Innate Abilities, Weirdness & Mutations

You cannot be hasted, slowed, berserked, paralysed or teleported.
You can dig through walls and to a lower floor.
You have a pair of large antennae on your head. (SInv)
Your four strong arms can wield two-handed weapons with a shield.


Message History

You dig through the rock wall.
You dig through the rock wall.
You dig through the rock wall.
You retract your mandibles.
There is a shaft here.
You see here a +0 robe.
You see here a +0 falchion.
You extend your mandibles.
You dig through the rock wall.
You dig through the rock wall.
You dig through the rock wall.
An orc comes into view. It is wielding a +0 hand axe.
The orc shouts!
The orc moves out of view.
You retract your mandibles.
You extend your mandibles.
You dig through the rock wall.
You dig through the rock wall.
You retract your mandibles.
The kobold brigand throws a poisoned dart.
The poisoned dart hits you!
You are lethally poisoned!
* * * LOW HITPOINT WARNING * * *
You feel sick.
You take 2 damage, and have 5/41 hp.
Okay, then.
Okay, then.
* * * LOW HITPOINT WARNING * * *
You feel sick.
You see here the +3 falchion "Arcanum" {vorpal, Will+}.
You take 2 damage, and have 3/41 hp.
* * * LOW HITPOINT WARNING * * *
You feel sick.
You take 1 damage, and have 2/41 hp.
* * * LOW HITPOINT WARNING * * *
You feel sick.
You take 1 damage, and have 1/41 hp.
* * * LOW HITPOINT WARNING * * *
You feel sick.
You die...

...#.#.### ........
.........# .....#
.........# ....
.........#####.#
#.#
###............##
#.# #......#####..#
#.# #........
.........# ##.##
#.# #........
.........#
###..###.#
#........
##.#######
#...@..#.#
#........ #.
#......#.#
#........ .
#......#.#
#........
....##......#
#........ ....
#.#o##.# #........
.... #.#..#.##
####..... ....
#.#.....######.....
...
#.#................
#.#......#####.....


You could see an orc.

Vanquished Creatures
  4 adders
  7 worms
  A dart slug (D:3)
  3 orcs (D:3)
  8 ball pythons
  8 endoplasms
  7 giant cockroaches
  3 goblins
  8 hobgoblins
  5 jackals
  2 kobolds
  2 quokkas (D:1)
  2 bats
  8 frilled lizards
  12 rats
80 creatures vanquished.

Notes
Turn   | Place    | Note
-------+----------+-------------------------------------------
     0 | D:1      | gimp the Formicid Monk began the quest for the Orb.
     0 | D:1      | Reached XP level 1. HP: 18/18 MP: 1/1
   124 | D:1      | Reached XP level 2. HP: 12/24 MP: 2/2
   399 | D:1      | Found a faded altar of an unknown god.
   514 | D:1      | Reached skill level 1 in Armour
   777 | D:1      | Reached XP level 3. HP: 29/29 MP: 3/3
  1663 | D:2      | Reached XP level 4. HP: 26/37 MP: 4/4
  2574 | D:3      | Found a glowing drain.
  2577 | Sewer    | Entered a sewer
  2680 | Sewer    | Reached XP level 5. HP: 42/42 MP: 5/5
  2728 | Sewer    | Noticed Purgy
  3390 | D:3      | Found a burning altar of Makhleb.
  3390 | D:3      | Found a radiant altar of Vehumet.
  3730 | D:3      | You fall into a shaft and drop 2 floors!
  3730 | D:5      | Entered Level 5 of the Dungeon
  3856 | D:4      | Identified the +3 falchion "Arcanum" {vorpal, Will+}
  3988 | D:4      | Noticed a kobold brigand
  4009 | D:4      | HP: 2/41 [kobold brigand (4)]
  4048 | D:4      | HP: 2/41 [poisoned by a kobold brigand]
  4051 | D:4      | Succumbed to a kobold brigand's poison

Illustrated notes

Levels and vault maps discovered:
D:1:      dpeg_arrival_round_c, layout_loops_corners,
          hellmonk_ecumenical_altar_leap_of_faith, serial_park_tiny_pond,
          minmay_misc_feat_enclosed, minmay_pentomino_o2
D:2:      layout_loops_ring, serial_park_tiny_1
D:3:      layout_rooms, grunt_temple_overflow_lords_of_destruction,
          xom_butterflies, gup_sewer_entry_spiral
D:4:      layout_basic
D:5:      layout_loops_ring, gammafunk_temple_overflow_elements,
          minmay_temple_entry_gardened_gates, serial_rivers,
          chequers_serial_rivers_large_a, chequers_serial_rivers_micro_d,
          chequers_serial_rivers_micro_e, chequers_serial_rivers_small_3

Skill      XL: |  1  2  3  4 |
---------------+-------------+-----
Armour         | 1 2 |  2.3
Axes           | 4 |  4.6
Fighting       | 4 |  4.2
Dodging        | |  2.6
Stealth        | |  2.4

Action                   |  1- 3 |  4- 6 || total
-------------------------+-------+-------++-------
Melee: Hand axe          |   113 |   249 ||   362
Throw: Boomerang         |       |     5 ||     5
 Abil: Dig               |       |    16 ||    16
  Use: Scroll            |       |     7 ||     7
       Potion            |       |     4 ||     4
 Stab: Sleeping          |     6 |       ||     6
Armor: Robe              |     9 |       ||     9
       Chain mail        |     9 |   180 ||   189
Dodge: Dodged            |    58 |   105 ||   163

Table legend: (Time is in decaauts)
 A = Elapsed time spent in this place.
 B = Non-inter-level travel time spent in this place.
 C = Inter-level travel time spent in this place.
 D = Time resting spent in this place.
 E = Time spent auto-exploring this place.
 F = Levels seen in this place.
 G = Mean time per level.
                   A        B        C        D        E       F      G
               +--------+--------+--------+--------+--------+-----+--------+
         Total |   4125 |   4085 |     40 |      3 |   2884 |   6 |  687.5 |
       Dungeon |   3842 |   3802 |     40 |      3 |   2780 |   5 |  768.4 |
         Sewer |    282 |    282 |      0 |      0 |    104 |   1 |  282.0 |
               +--------+--------+--------+--------+--------+-----+--------+

Top non-repeatable levels by time:
     D:2: 1614 daAuts
     D:1: 1074 daAuts
     D:3: 828 daAuts
   Sewer: 282 daAuts
     D:4: 258 daAuts
     D:5: 68 daAuts
